Map: King's Cove LE

Players

Kelazhur - Winner!

  • Race: Terran Terran
  • League: Diamond
  • Spawn Location: 5:00

Silky

  • Race: Zerg Zerg
  • Spawn Location: 11:00

Event: 2019 WCS Winter Americas

VOD

Have the link to the VOD?

Description

Time

  • Played on: Feb. 17, 2019, 3:40 p.m.
  • Length: 17:16

All games in this series

Show
View Real Time Build Order
Export as new Build Order

Kelazhur Terran - Winner!

Build Orders:  

Get SALT Encoding   

  12  0:00  SCV  
  13  0:13  SCV  
  14  0:19  Supply Depot  
  14  0:25  SCV  
  15  0:40  SCV  
  15  0:41  Barracks  
  16  0:45  Refinery  
  16  0:53  SCV  
  17  1:00  Barracks  
  17  1:05  SCV  
  18  1:17  SCV  
  19  1:21  Barracks  
  19  1:28  Reaper  
  20  1:37  Orbital Command  
  20  1:45  Refinery  
  20  1:48  Reaper  
  21  1:56  Supply Depot  
  21  2:03  SCV  
  21  2:04  Reaper  
  23  2:12  Supply Depot  
  23  2:17  Reaper  
  23  2:18  SCV  
  25  2:25  Reaper  
  26  2:32  SCV  
  26  2:35  Supply Depot  
  27  2:37  Reaper  
  28  2:44  SCV  
  28  2:49  Reaper  
  30  2:56  SCV  
  30  2:57  Reaper  
  32  3:08  SCV  
  32  3:09  Reaper  
  33  3:21  SCV, Reaper  
  33  3:24  Command Center  
  35  3:29  Reaper  
  36  3:37  SCV  
  37  3:42  Factory  
  37  3:51  SCV  
  38  4:02  Marine x3  
  40  4:03  SCV  
  41  4:12  Command Center  
  41  4:16  SCV  
  42  4:26  Starport, Factory Reactor  
  42  4:28  SCV  
  43  4:38  Orbital Command  
  43  4:40  SCV  
  44  4:59  SCV  
  45  5:09  SCV  
  45  5:12  Hellion x2  
  45  5:14  SCV  
  51  5:16  Viking  
  51  5:17  Refinery x2  
  51  5:21  SCV  
  53  5:28  SCV  
  54  5:29  Orbital Command  
  54  5:32  Liberator  
  54  5:33  SCV  
  59  5:35  Hellion x2  
  57  5:44  SCV  
  57  5:49  Factory  
  61  5:50  SCV  
  61  5:51  Factory  
  61  5:56  SCV  
  63  5:58  SCV  
  63  6:00  Hellion x2  
  63  6:02  Armory, SCV  
  68  6:09  SCV  
  68  6:10  SCV, Engineering Bay  
  70  6:15  SCV  
  71  6:21  SCV, Hellion x2  
  71  6:23  Orbital Command  
  77  6:28  SCV  
  77  6:32  Supply Depot x2  
  77  6:35  Factory Tech Lab x2  
  77  6:36  Starport Tech Lab  
  77  6:53  SCV x3  
  77  6:54  Hellion x2  
  84  6:56  Supply Depot  
  84  6:57  Terran Vehicle And Ship Armor Level 1, Refinery  
  84  7:03  Refinery  
  84  7:05  SCV x3  
  87  7:13  Infernal Pre-Igniter, Cyclone x2  
  87  7:14  Mag-Field Accelerator  
  93  7:18  SCV x2, Banshee  
  96  7:26  SCV, Hellion x2  
  96  7:30  SCV x2  
  98  7:38  SCV, Supply Depot  
  98  7:42  SCV  
  98  7:43  Factory  
  100  7:44  SCV, Factory  
  100  7:51  Hellion x6  
  101  7:52  Cyclone  
  101  7:57  Supply Depot  
  101  8:00  SCV x2, Cyclone  
  101  8:05  Hellion  
  108  8:08  SCV  
  109  8:18  Command Center, Banshee  
  109  8:19  SCV, Hellion  
  115  8:24  SCV x2  
  117  8:28  Factory Reactor  
  117  8:29  Factory Tech Lab  
  117  8:30  Missile Turret  
  117  8:36  Supply Depot  
  117  8:41  Supply Depot  
  117  8:43  Supply Depot  
  117  8:57  Terran Vehicle And Ship Armor Level 2  
  117  8:58  SCV, Hellion, Cyclone  
  117  9:00  Armory  
  117  9:02  Cyclone  
  124  9:03  Cyclone  
  124  9:07  Hellion x3  
  122  9:25  Factory  
  122  9:27  Factory  
  122  9:29  Hellion x4  
  122  9:30  Cyclone, Factory  
  133  9:36  Cyclone x2  
  137  9:40  Starport Tech Lab  
  137  9:45  SCV  
  137  9:46  SCV x2  
  137  9:50  Hellion x2, Refinery  
  137  9:51  Hellion  
  137  9:52  Refinery  
  146  9:54  Terran Vehicle Weapons Level 1  
  146  9:58  SCV  
  149  10:00  Hellion  
  149  10:02  Cyclone  
  152  10:08  Cyclone  
  152  10:10  SCV  
  152  10:13  Supply Depot  
  152  10:14  Supply Depot x2  
  156  10:30  Factory Reactor, Factory Tech Lab  
  156  10:33  Planetary Fortress  
  156  10:34  SCV x2, Hellion x2  
  156  10:36  Hellion x6  
  156  10:38  Cyclone x2  
  158  10:44  Liberator  
  147  10:52  Cyclone x3  
  147  10:54  Hellion x2  
  143  10:58  Smart Servos  
  143  10:59  Hellion  
  143  11:00  Hellion  
  133  11:10  Hellion, Cyclone  
  136  11:13  Hellion x2  
  136  11:16  Hellion  
  134  11:21  SCV x3  
  134  11:23  Command Center, Supply Depot  
  134  11:24  Cyclone x2  
  134  11:25  Terran Vehicle And Ship Armor Level 3  
  143  11:26  Hellion  
  145  11:33  SCV  
  145  11:34  SCV x2  
  145  11:36  Starport x2  
  148  11:45  SCV, Hellion, Cyclone x2  
  148  11:46  SCV  
  158  11:50  Hellion x3  
  158  11:54  Terran Vehicle Weapons Level 2  
  164  11:55  SCV  
  164  11:58  Hellion, Cyclone  
  170  12:06  Cyclone  
  170  12:07  Cyclone  
  173  12:15  Hellion  
  173  12:17  Cyclone x2  
  167  12:27  Hellion x4  
  167  12:29  Starport Reactor  
  175  12:30  Starport Reactor, Cyclone  
  175  12:32  Fusion Core  
  174  12:39  Cyclone x2  
  182  12:44  Hellion  
  182  12:49  Cyclone x2  
  186  12:55  Liberator  
  186  12:57  Liberator  
  181  13:02  Cyclone  
  181  13:03  Hellion x3  
  181  13:04  Hellion x2  
  181  13:05  Hellion  
  181  13:06  Planetary Fortress  
  181  13:08  SCV x3  
  181  13:11  Cyclone x2  
  196  13:20  SCV, Liberator x2  
  196  13:21  Cyclone, Liberator  
  196  13:25  Advanced Ballistics  
  200  13:33  Hellion x2  
  188  13:39  Cyclone  
  188  13:40  Hellion, Cyclone  
  199  13:43  Refinery  
  199  13:44  Refinery  
  195  13:50  Hellion x2  
  195  13:51  Liberator  
  196  14:02  Terran Ship Weapons Level 1  
  199  14:11  Command Center  
  199  14:14  Liberator x3  
  199  14:23  Cyclone  
  199  14:24  Command Center  
  198  14:25  Command Center  
  198  14:28  Cyclone x2  
  198  14:29  Hellion  
  198  14:30  Hellion x2  
  183  14:39  Liberator  
  183  14:47  Cyclone  
  183  14:48  Command Center  
  183  14:52  Liberator  
  186  14:56  Liberator  
  186  14:57  Liberator  
  189  15:10  Command Center  
  192  15:25  Liberator x2  
  192  15:35  Liberator  
  192  15:37  Cyclone x2  
  192  15:38  Cyclone  
  192  15:39  Cyclone  
  194  15:51  Cyclone  
  200  16:05  Planetary Fortress  
  200  16:06  Planetary Fortress  
  200  16:08  Refinery  
  200  16:11  Refinery  
  197  16:14  Liberator  
  197  16:16  Orbital Command  
  192  16:29  Cyclone  
  192  16:30  Hellion, Cyclone x3  
Show
View Real Time Build Order
Export as new Build Order

Silky Zerg 

Build Orders: Pool First 

Get SALT Encoding   

  12  0:00  Drone  
  13  0:12  Overlord  
  13  0:17  Drone  
  14  0:31  Drone x2  
  14  0:35  Drone  
  17  0:45  Extractor, Drone  
  17  0:51  Spawning Pool  
  17  0:56  Drone  
  17  1:06  Drone  
  18  1:20  Hatchery  
  18  1:23  Drone  
  18  1:37  Queen, Zergling x2  
  21  1:46  Metabolic Boost  
  21  1:52  Overlord  
  21  1:55  Drone  
  22  2:10  Drone  
  22  2:11  Drone  
  24  2:16  Queen  
  26  2:29  Drone  
  27  2:32  Queen  
  27  2:33  Zergling x4  
  31  2:45  Zergling x4  
  31  2:48  Zergling x6  
  35  2:57  Zergling x4  
  36  3:05  Zergling x2  
  35  3:19  Overlord  
  35  3:31  Overlord  
  35  3:37  Queen  
  35  3:38  Drone x3  
  35  3:39  Drone x3  
  43  3:43  Drone  
  43  3:44  Overlord  
  44  3:50  Drone x2  
  45  4:00  Zergling x2  
  45  4:01  Queen  
  46  4:07  Zergling x4  
  48  4:13  Zergling x4  
  49  4:30  Zergling x4  
  51  4:36  Overlord, Hatchery  
  50  4:41  Drone  
  50  4:55  Zergling x2  
  50  4:56  Zergling x6  
  50  4:58  Drone x2  
  52  5:10  Drone x2  
  52  5:11  Queen  
  52  5:12  Drone x3  
  59  5:19  Roach Warren, Drone x2  
  60  5:28  Drone  
  60  5:33  Lair  
  60  5:34  Extractor  
  60  5:36  Extractor  
  54  5:46  Drone x2  
  54  5:47  Drone x4  
  58  5:51  Drone x2  
  60  5:59  Queen  
  60  6:00  Drone x3  
  65  6:09  Overlord  
  65  6:17  Overlord  
  65  6:22  Overlord  
  65  6:24  Overlord  
  65  6:30  Roach x2  
  65  6:31  Roach x2  
  73  6:35  Overlord  
  73  6:36  Drone x6  
  73  6:38  Spore Crawler  
  78  6:45  Spore Crawler, Glial Reconstitution  
  77  6:47  Overlord  
  77  6:52  Overlord  
  77  6:54  Evolution Chamber  
  76  6:57  Overlord  
  76  6:58  Drone x7  
  76  6:59  Drone  
  83  7:03  Roach  
  85  7:12  Roach x2  
  89  7:17  Roach x2  
  89  7:18  Roach x2  
  94  7:25  Drone  
  94  7:26  Drone x4  
  94  7:29  Extractor  
  95  7:30  Zerg Missile Weapons Level 1  
  95  7:31  Extractor  
  95  7:33  Drone x2  
  95  7:34  Extractor, Hydralisk Den  
  95  7:35  Evolution Chamber, Infestation Pit  
  92  7:39  Drone  
  92  7:43  Drone x4  
  97  7:47  Hatchery, Overlord  
  93  7:52  Queen  
  93  7:55  Drone x2  
  96  8:01  Overlord, Zerg Ground Armor Level 1  
  96  8:02  Zergling x2  
  96  8:05  Muscular Augments  
  97  8:06  Hydralisk  
  97  8:09  Spore Crawler, Ravager x2  
  97  8:11  Drone  
  97  8:12  Drone  
  102  8:17  Hive  
  102  8:23  Hydralisk x2  
  102  8:24  Zergling x2  
  102  8:25  Zergling x2  
  108  8:31  Hydralisk x2  
  112  8:36  Drone x3  
  114  8:45  Drone x5  
  119  8:54  Hydralisk  
  119  8:55  Hydralisk  
  123  8:56  Hatchery  
  123  8:57  Extractor  
  121  9:04  Hydralisk  
  121  9:05  Hydralisk x2  
  121  9:08  Overseer  
  117  9:18  Drone x2  
  117  9:19  Drone  
  117  9:20  Extractor  
  117  9:21  Spore Crawler  
  117  9:22  Drone x3  
  117  9:23  Spine Crawler  
  120  9:24  Ravager, Spine Crawler x2  
  120  9:27  Zerg Missile Weapons Level 2  
  120  9:28  Viper  
  122  9:31  Viper  
  119  9:39  Viper  
  119  9:41  Drone x4  
  127  9:45  Drone  
  127  9:46  Spore Crawler  
  126  9:53  Hydralisk, Roach  
  126  9:54  Roach x2  
  126  9:55  Overlord x2  
  126  9:58  Zerg Ground Armor Level 2  
  134  10:08  Roach x4  
  134  10:10  Overlord x2  
  140  10:15  Roach x2  
  140  10:20  Roach  
  140  10:21  Roach x3  
  152  10:23  Grooved Spines  
  152  10:24  Drone  
  153  10:30  Drone x5  
  158  10:37  Hydralisk x3  
  152  10:54  Roach  
  152  10:55  Roach x6  
  152  10:59  Drone x6  
  151  11:11  Drone x3  
  152  11:19  Drone x4  
  152  11:20  Drone x6  
  152  11:25  Viper x3  
  162  11:28  Evolution Chamber x2, Overlord  
  169  11:39  Drone x4  
  173  11:42  Spine Crawler  
  173  11:43  Spine Crawler  
  171  11:48  Zerg Missile Weapons Level 3  
  171  11:49  Drone x3  
  171  11:51  Extractor  
  171  11:53  Hydralisk x3  
  171  11:54  Hydralisk  
  166  12:21  Drone x5  
  166  12:22  Drone  
  168  12:23  Drone x5  
  168  12:24  Overlord, Queen, Drone x4  
  168  12:25  Overlord  
  170  12:32  Hydralisk x4  
  170  12:36  Overseer x2  
  178  12:43  Spine Crawler  
  175  12:49  Drone x5  
  170  12:56  Viper x5  
  176  13:03  Viper  
  179  13:08  Overlord  
  179  13:09  Drone x4  
  179  13:10  Extractor  
  182  13:13  Extractor  
  175  13:20  Drone  
  176  13:34  Hydralisk x11  
  175  13:41  Roach x2  
  175  13:42  Roach  
  174  13:52  Viper x2  
  174  13:54  Hatchery, Drone x3  
  182  14:04  Hydralisk x5  
  182  14:06  Overlord  
  182  14:09  Hatchery  
  191  14:29  Roach x12  
  191  14:30  Roach x2  
  196  14:32  Overlord x2  
  196  14:37  Overlord  
  196  14:38  Overlord  
  195  14:45  Overlord x2  
  195  14:48  Overlord x2  
  195  14:55  Hatchery, Overlord  
  195  14:56  Queen  
  196  15:07  Evolution Chamber  
  196  15:09  Evolution Chamber  
  196  15:10  Drone  
  196  15:11  Hydralisk, Drone x2  
  199  15:14  Overlord  
  199  15:15  Drone  
  199  15:16  Spire  
  199  15:20  Viper x2  
  193  15:25  Ravager x8  
  193  15:26  Hydralisk  
  197  15:41  Hydralisk x7  
  197  15:42  Hydralisk  
  172  15:55  Viper x3  
  179  16:04  Hydralisk  
  179  16:05  Hydralisk x3  
  179  16:09  Hatchery  
  182  16:13  Hydralisk x5  
  182  16:15  Hatchery  
  187  16:22  Hydralisk x4  
  193  16:28  Hydralisk x2  
  165  16:34  Hydralisk x2  
  164  16:41  Extractor x2  
  164  16:44  Hydralisk x3  
  168  16:49  Hydralisk x2  
Tags
 
Add a new tag
Caveats
  • Supply blocks, unpowered buildings, or Contaminate may cause inaccurate times.
  • Supply counts are checked every 10 seconds.